Map: Efemeryda ER

Players

Krystianer

  • Race: Protoss Protoss
  • League: Platinum
  • Spawn Location: 5:00

ShoWTimE - Winner!

  • Race: Protoss Protoss
  • Spawn Location: 11:00

Event: IEM Katowice 2020

VOD

Have the link to the VOD?

Description

Time

  • Played on: Feb. 24, 2020, 4:30 a.m.
  • Length: 10:34

All games in this series

Show
View Real Time Build Order
Export as new Build Order

Krystianer Protoss 

Build Orders:  

Get SALT Encoding   

  12  0:00  Probe  
  13  0:12  Probe  
  14  0:16  Pylon  
  14  0:24  Probe (Chrono Boost)  
  16  0:36  Probe (Chrono Boost)  
  16  0:37  Gateway  
  16  0:41  Probe (Chrono Boost)  
  16  0:46  Assimilator  
  17  0:51  Probe  
  17  0:55  Assimilator  
  18  1:03  Probe (Chrono Boost)  
  19  1:08  Gateway  
  19  1:12  Probe (Chrono Boost)  
  19  1:17  Probe (Chrono Boost)  
  20  1:24  Cybernetics Core  
  21  1:29  Probe  
  22  1:34  Pylon  
  22  1:41  Probe  
  22  1:43  Pylon  
  24  2:00  Adept  
  24  2:01  Adept  
  27  2:02  Warp Gate  
  27  2:06  Probe  
  28  2:18  Stargate  
  28  2:30  Adept x2  
  31  2:46  Probe  
  35  3:12  Gateway  
  35  3:13  Robotics Facility  
  35  3:16  Pylon  
  32  3:20  Stalker x2  
  32  3:26  Pylon  
  36  3:48  Shield Battery  
  36  3:58  Sentry x2  
  36  3:59  Immortal (Chrono Boost)  
  44  4:12  Probe  
  44  4:17  Stalker  
  45  4:19  Pylon  
  45  4:27  Warp Prism (Chrono Boost)  
  47  4:42  Adept, Sentry  
  47  4:44  Adept  
  53  4:52  Pylon  
  53  5:12  Stalker x3  
  59  5:20  Pylon  
  59  5:38  Adept x2  
  59  5:39  Adept  
  53  5:59  Stalker  
  53  6:00  Stalker x2  
  43  6:16  Robotics Bay  
  43  6:24  Adept x2, Zealot  
  49  6:39  Immortal (Chrono Boost)  
  53  7:06  Zealot x3  
  59  7:11  Disruptor (Chrono Boost)  
  62  7:26  Adept x3  
  67  7:47  Pylon  
  67  7:54  Disruptor  
  70  8:08  Zealot  
  70  8:09  Zealot x2  
  76  8:30  Disruptor (Chrono Boost)  
  74  8:42  Adept  
  74  8:43  Adept  
  76  8:56  Pylon  
  70  9:09  Zealot x3  
  44  9:39  Adept x3  
  48  10:08  Adept x3  
Show
View Real Time Build Order
Export as new Build Order

ShoWTimE Protoss - Winner!

Build Orders:  

Get SALT Encoding   

  12  0:00  Probe  
  13  0:12  Probe  
  14  0:17  Pylon  
  14  0:24  Probe (Chrono Boost)  
  15  0:36  Gateway  
  15  0:37  Probe (Chrono Boost)  
  16  0:44  Probe (Chrono Boost)  
  16  0:46  Assimilator  
  17  0:51  Probe  
  17  0:54  Assimilator  
  18  1:03  Probe (Chrono Boost)  
  19  1:07  Gateway  
  19  1:13  Probe (Chrono Boost)  
  19  1:17  Probe (Chrono Boost)  
  20  1:24  Cybernetics Core  
  21  1:29  Probe  
  22  1:36  Pylon  
  22  1:41  Probe  
  23  1:54  Probe  
  23  1:59  Warp Gate (Chrono Boost)  
  23  2:00  Stalker x2  
  28  2:06  Probe  
  29  2:12  Pylon  
  29  2:30  Stalker x2  
  33  2:58  Shield Battery  
  33  3:00  Gateway  
  33  3:07  Stalker x2  
  33  3:10  Shield Battery  
  37  3:19  Shield Battery  
  37  3:22  Pylon  
  37  3:39  Shield Battery  
  37  3:45  Stalker x2  
  41  3:55  Nexus  
  41  4:04  Adept  
  41  4:07  Probe  
  41  4:17  Sentry x2  
  41  4:19  Probe  
  41  4:21  Pylon  
  46  4:31  Probe  
  47  4:41  Robotics Facility  
  47  4:43  Probe  
  48  4:48  Shield Battery  
  48  4:50  Sentry x2  
  52  4:57  Adept  
  54  5:02  Probe  
  55  5:08  Probe  
  56  5:14  Shield Battery  
  56  5:21  Stalker  
  59  5:24  Sentry  
  60  5:31  Immortal (Chrono Boost)  
  64  5:39  Adept  
  66  5:47  Stalker  
  68  5:52  Shield Battery  
  62  5:57  Sentry  
  62  6:01  Adept  
  50  6:12  Stalker  
  52  6:19  Warp Prism (Chrono Boost)  
  54  6:31  Adept  
  54  6:32  Adept  
  57  6:47  Adept  
  57  6:48  Probe x2 (Chrono Boost)  
  59  7:00  Probe (Chrono Boost)  
  59  7:01  Probe (Chrono Boost), Sentry  
  61  7:02  Sentry  
  66  7:08  Probe (Chrono Boost)  
  66  7:10  Probe (Chrono Boost)  
  66  7:11  Pylon  
  66  7:14  Probe  
  67  7:19  Gateway  
  68  7:30  Robotics Bay  
  68  7:32  Zealot x2  
  70  7:45  Shield Battery  
  70  7:48  Immortal (Chrono Boost)  
  74  7:57  Pylon  
  74  8:04  Adept x2  
  78  8:11  Pylon  
  78  8:21  Disruptor (Chrono Boost)  
  79  8:27  Zealot  
  79  8:28  Zealot x2  
  79  8:33  Adept  
  69  8:53  Pylon  
  67  8:56  Disruptor  
  67  9:02  Zealot x2  
  60  9:17  Adept x2  
  60  9:19  Probe  
  61  9:30  Warp Prism (Chrono Boost)  
  56  9:33  Zealot x2  
  56  9:38  Stalker  
  64  9:43  Stalker  
  66  9:57  Adept  
  66  9:58  Disruptor  
  71  10:10  Pylon x2  
  71  10:15  Stalker  
  71  10:19  Zealot  

Tags
 
Add a new tag
Caveats
  • Supply blocks, unpowered buildings, or Contaminate may cause inaccurate times.
  • Supply counts are checked every 10 seconds.